 Dungeon Crawl Stone Soup version 0.30.0-29-ga12c61a403 (webtiles) character file.

Game seed: 17255451035388995408

554 safid the Chiller (level 7, -8/55 HPs)
             Began as a Merfolk Ice Elementalist on June 16, 2023.
             Mangled by an orc priest
             ... wielding a +0 trident
              (9 damage)
             ... on level 4 of the Dungeon.
             The game lasted 00:07:06 (4137 turns).

safid the Chiller (Merfolk Ice Elementalist)        Turns: 4137, Time: 00:07:08

Health: -8/55      AC:  3    Str:  8    XL:     7   Next: 30%
Magic:  8/13       EV: 13    Int: 16    God:
Gold:   196        SH:  5    Dex: 15    Spells: 7/14 levels left

rFire   + . .        j - +0 trident (spect)
rCold   . . .        (no shield)
rNeg    . . .        a - +0 robe
rPois   .            y - +1 hat
rElec   .            (no cloak)
rCorr   .            (no gloves)
SInv    .            (no boots)
Will    .....        v - amulet of reflection
Stlth   ++           l - ring of protection from fire
HPRegen 0.29/turn    (no ring)
MPRegen 0.13/turn

%: reflection
@: no status effects
A: (nimble swimmer 2), mertail
a: no special abilities


You were on level 4 of the Dungeon.
You visited 1 branch of the dungeon, and saw 4 of its levels.
You also visited: Sewer.

You collected 196 gold pieces.

Inventory:

Hand Weapons
 j - a +0 spectral trident (weapon)
Armour
 a - a +0 robe (worn)
 p - a +0 helmet
 y - a +1 hat (worn)
Jewellery
 l - a ring of protection from fire (left hand)
 o - a ring of ice
 v - an amulet of reflection (around neck)
Wands
 s - a wand of roots (12)
Scrolls
 c - a scroll of brand weapon {unknown}
 d - 7 scrolls of identify {unknown}
 g - a scroll of blinking {unknown}
 i - 2 scrolls of fog {unknown}
 n - 2 scrolls of vulnerability {unknown}
 q - a scroll of amnesia {unknown}
 u - a scroll of butterflies {unknown}
 w - 3 scrolls of teleportation {unknown}
 x - 2 scrolls of magic mapping {unknown}
Potions
 b - a potion of magic
 e - 7 potions of flight
 f - 2 potions of might {unknown}
 h - a potion of attraction {unknown}
 k - a potion of lignification {unknown}
 m - a potion of curing {unknown}
 t - 3 potions of brilliance {unknown}


   Skills:
 + Level 4.4 Fighting
 + Level 3.0 Dodging
 - Level 2.1 Stealth
 + Level 4.3 Spellcasting
 + Level 6.4 Ice Magic


You had 7 spell levels left.
You knew the following spells:

 Your Spells              Type           Power      Damage    Failure   Level
a - Freeze                Ice            96%        1d10      1%          1
b - Frozen Ramparts       Ice            48%        1d8       3%          3
c - Ozocubu's Armour      Ice            24%        N/A       3%          3

Your spell library contained the following spells:

 Spells                   Type           Power      Damage    Failure   Level
 Summon Ice Beast         Ice/Summ       13%        N/A       41%         4
 Metabolic Englaciation   Hex/Ice        6%         N/A       77%         5
 Simulacrum               Ice/Necr       6%         N/A       100%        6


Dungeon Overview and Level Annotations

Branches:
Dungeon (4/15)              Sewer (visited)
 Temple: D:4-7

Altars:
Okawaru


Innate Abilities, Weirdness & Mutations

((You are very nimble when in or above water. (Stealth+, EV+, Speed+++)))
Your lower body shifts to a powerful aquatic tail in water.


Message History

The orc priest calls down the wrath of Beogh upon you.
Beogh smites you!
Casting: Freeze (safe; 1% risk of failure)
Confirm with . or Enter, or press ? or * to list all spells.
Aiming: Freeze (safe; 1% risk of failure)
Press: ? - help, Shift-Dir - straight line, f/p - orc priest
Aim: an orc priest, wielding a +0 short sword and wearing a +0 ring mail (heavily wounded)
You freeze the orc priest.
The orc priest is almost dead.
The orc priest mumbles some strange prayers to Beogh against you.
You struggle to resist.
The orc priest closely misses you.
Casting: Freeze (safe; 1% risk of failure)
Confirm with . or Enter, or press ? or * to list all spells.
Aiming: Freeze (safe; 1% risk of failure)
Press: ? - help, Shift-Dir - straight line, f/p - orc priest
Aim: an orc priest, wielding a +0 short sword and wearing a +0 ring mail (almost dead)
You freeze the orc priest.
You kill the orc priest!
You block the orc priest's attack.
Your Dodging skill increases to level 3!
You are too injured to fight recklessly!
Unknown command.
The orc priest hits you with a +0 trident!
* * * LOW HITPOINT WARNING * * *
You barely miss the orc priest.
Your +0 spectral trident completely misses the orc priest.
The orc priest mumbles some strange prayers to Beogh against you.
Pain shoots through your body!
* * * LOW HITPOINT WARNING * * *
Unknown command.
Casting: Freeze (safe; 1% risk of failure)
Confirm with . or Enter, or press ? or * to list all spells.
Aiming: Freeze (safe; 1% risk of failure)
Press: ? - help, Shift-Dir - straight line, f - orc priest
Aim: an orc priest, wielding a +0 trident You freeze the orc priest!
The orc priest is severely wounded.
Your +0 spectral trident disappears.
The orc priest hits you with a +0 trident!
You die...

#.# .# #.# #.# #.# #.#
##'## ... ##...## #.#
##.....## ####.#
##.......## ##.##.#
###|..).....####.)...###
..'...)@....'...........
###....o....####....####
##.......## ##.#.#
##.....## ###.# ......##
#.# ###.#'## #.# #.#.#
#.# #.#.# #.


You could see an orc priest.

Vanquished Creatures
  2 scorpions
  3 orc priests
  An iguana (D:4)
  2 sleepcaps
  3 river rats (Sewer)
  11 adders
  An ufetubus (D:4)
  2 worms
  2 dart slugs
  5 orcs
  14 ball pythons
  8 endoplasms
  7 giant cockroaches
  11 goblins
  13 hobgoblins
  5 jackals
  6 kobolds
  3 quokkas
  13 bats
  6 frilled lizards
  4 rats
122 creatures vanquished.

Notes
Turn   | Place    | Note
-------+----------+-------------------------------------------
     0 | D:1      | safid the Merfolk Ice Elementalist began the quest for the
                  | Orb.
     0 | D:1      | Reached XP level 1. HP: 13/13 MP: 3/3
   253 | D:1      | Reached XP level 2. HP: 20/20 MP: 3/5
   334 | D:1      | Reached skill level 1 in Fighting
   757 | D:2      | Reached XP level 3. HP: 14/26 MP: 0/6
   871 | D:2      | Found an iron altar of Okawaru.
  1421 | D:2      | Noticed a scorpion
  1439 | D:2      | Killed a scorpion
  1440 | D:2      | Reached skill level 5 in Ice Magic
  1440 | D:2      | Reached XP level 4. HP: 29/34 MP: 3/8
  1440 | D:2      | Reached XP level 5. HP: 33/39 MP: 3/9
  1444 | D:2      | Learned a level 3 spell: Frozen Ramparts
  1448 | D:2      | Learned a level 3 spell: Ozocubu's Armour
  2338 | D:3      | Reached XP level 6. HP: 40/47 MP: 8/11
  2905 | D:4      | Found a glowing drain.
  2910 | Sewer    | Entered a sewer
  3368 | Sewer    | Reached skill level 6 in Ice Magic
  3620 | D:4      | Reached XP level 7. HP: 46/54 MP: 4/13
  4136 | D:4      | HP: 1/55 [orc priest/nerve-wracking pain (12)]
  4137 | D:4      | Mangled by an orc priest

Illustrated notes

Levels and vault maps discovered:
D:1:      dpeg_arrival_arbitrary_a, layout_rooms
D:2:      cheibrodos_old_hovel, layout_loops_ring, basic_altar, serial_glass,
          glass_columns_b, glass_columns_a, glass_columns_a, glass_columns_b,
          item_on_display_a, due_unseen_surprise, item_on_display_a,
          minmay_goblin_outpost
D:3:      layout_loops_ring, hex_tiny, chequers_arboretum
D:4:      layout_loops_corners, mainiacjoe_overflow_chevrons,
          hellmonk_okawaru_the_only_friend_you_need, portal_sewer_entry_e,
          serial_park_tiny_2, moated_statue, chequers_serial_rivers_small_b,
          kennysheep_generic_room_9

Skill      XL: |  1  2  3  4  5  6  7 |
---------------+----------------------+-----
Fighting       | 1 2 3 4 |  4.4
Spellcasting   | 3 4 |  4.3
Ice Magic      | 5 6 |  6.4
Dodging        | 3 |  3.0
Stealth        | |  2.1

Action                     |  1- 3 |  4- 6 |  7- 9 || total
---------------------------+-------+-------+-------++-------
  Melee: Unarmed           |    14 |       |       ||    14
         Whip              |    60 |       |       ||    60
         Punch             |     1 |     1 |     2 ||     4
         Long sword        |     9 |   117 |    15 ||   141
         Tailslap          |       |     2 |       ||     2
         Trident           |       |       |    25 ||    25
   Cast: Freeze            |    40 |    17 |    13 ||    70
         Frozen Ramparts   |       |    10 |     1 ||    11
         Ozocubu's Armour  |       |     3 |       ||     3
   Stab: Sleeping          |     4 |    11 |       ||    15
 Armour: Robe              |    27 |    35 |     6 ||    68
  Dodge: Dodged            |   101 |   116 |    29 ||   246
  Block: Other             |       |     2 |    15 ||    17
         Reflection        |       |       |     1 ||     1
